 Dungeon Crawl Stone Soup version 0.14-a0-1773-ge500af7 (webtiles) character file.

2122 Herrn the Fighter (level 8, -3/86 HPs)
             Began as a Minotaur Fighter on Jan 7, 2014.
             Was a Believer of Makhleb.
             Slain by a goliath beetle (5 damage)
             ... on Level 6 of the Dungeon.
             The game lasted 00:38:17 (6256 turns).

Herrn the Fighter (Minotaur Fighter)                Turns: 6256, Time: 00:38:17

HP  -3/86        AC 12     Str 20      XL: 8   Next: 89%
MP   3/3         EV  6     Int  5      God: Makhleb [**....]
Gold 266         SH 19     Dex 13      Spells:  0 memorised,  7 levels left

rFire  + . .     SeeInvis .     a - +0,-1 falchion
rCold  . . .     Clarity  .     u - +2 scale mail {rF+} (curse)
rNeg   . . .     Conserve .     c - +0 shield
rPois  .         rCorr    .     (helmet restricted)
rElec  .         rRot     .     i - +0 cloak
SustAb . .       Spirit   .     (no gloves)
rMut   .         Warding  .     e - +1 pair of boots
Saprov . . .     Stasis   .     (no amulet)
                                (no ring)
                                (no ring)

@: slightly resistant to hostile enchantments, extremely unstealthy
A: retaliatory headbutt, horns 2
a: Minor Destruction, Renounce Religion


You were on level 6 of the Dungeon.
You worshipped Makhleb.
Makhleb was pleased with you.
You were hungry.

You visited 2 branches of the dungeon, and saw 7 of its levels.

You collected 266 gold pieces.

Inventory:

Hand weapons
 a - a +0,-1 falchion (weapon)
Armour
 c - a +0 shield (worn)
 e - a +1 pair of boots (worn)
 i - a +0 cloak (worn)
 u - a cursed +2 scale mail of fire resistance (worn)
Magical devices
 m - a wand of hasting (1) {unknown}
 G - a wand of random effects (24) {unknown}
 J - a wand of magic darts (14) {unknown}
Comestibles
 d - 5 bread rations
 j - 2 chunks of orc flesh
 k - a chunk of worker ant flesh
 A - 11 grapes
 B - a meat ration
Scrolls
 g - 3 scrolls of blinking
 p - 2 scrolls of teleportation
 t - a scroll of enchant weapon II
 w - a scroll of enchant weapon I
 y - 2 scrolls of random uselessness {unknown}
 z - a scroll of fog {unknown}
 D - a scroll of magic mapping {unknown}
Jewellery
 s - an uncursed ring of wizardry
Potions
 b - 2 potions of magic {unknown}
 f - 2 potions of degeneration {unknown}
 h - 2 potions of invisibility {unknown}
 l - a potion of speed
 n - a potion of brilliance {unknown}
 o - 3 potions of curing
 r - 2 potions of poison {unknown}
 x - a potion of beneficial mutation {unknown}
 C - 4 potions of heal wounds


   Skills:
 * Level 13.6 Fighting
 - Level 2.4 Long Blades
 - Level 3.6 Armour
 - Level 3.6 Shields


You had 7 spell levels left.
You didn't know any spells.

Dungeon Overview and Level Annotations

Branches:
Dungeon (6/16)             Temple (1/1) D:4

Altars:
Ashenzari
Cheibriados
Fedhas
Kikubaaqudgha
Makhleb
Okawaru
Sif Muna
Vehumet
Yredelemnul
Zin
the Shining One


Innate Abilities, Weirdness & Mutations

You reflexively headbutt those who attack you in melee.
You have a pair of horns on your head.


Message History

The goliath beetle is almost dead.
You block the orc's attack.
You hit the goliath beetle. You headbutt the goliath beetle.
The goliath beetle is almost dead.
The orc barely misses you.
You hit the goliath beetle but do no damage.
The goliath beetle is almost dead.
The orc hits you but does no damage. You block the goliath beetle's attack.
You hit the goliath beetle but do no damage.
You headbutt the goliath beetle.
The goliath beetle is almost dead.
You block the orc's attack.
You hit the goliath beetle but do no damage.
The goliath beetle is almost dead.
The orc hits you but does no damage. The goliath beetle bites you!
* * * LOW HITPOINT WARNING * * *
You hit the goliath beetle but do no damage.
The goliath beetle is almost dead.
You block the orc's attack. The goliath beetle bites you.
You die...

#..# #.P.....#.#......... #..#
#.PP.P....#......... #..#
#.P..#....#.........
###..####..###...##.._.#.........
...............P..#....#.........
o......................#..#####..
o.........## ##......#.#..# #.P
oB.<......# ##.....###..# #.≈
..........# #@.........#####PP
..........######oB...###......P.≈
.............B....#### #......P≈P
..............)...######..####.≈≈
...............)..........# ##.P
................(.........# #.P
................(.######..# #..
..................# #..# #..
########..........# #..# #..


You could see a goliath beetle and an orc.

Vanquished Creatures
  Eustachio (D:4)
  Menkaure (D:6)
  A phantom (D:4)
  4 ogres
  Sigmund (D:3)
  Duvessa (D:3)
  Blork the orc (D:5)
  A giant frog (D:5)
  3 crimson imps (D:5)
  2 jellies (D:6)
  A hound (D:5)
  3 orc priests (D:6)
  Dowan (D:3)
  5 worker ants
  4 orc wizards
  2 scorpions
  2 iguanas
  Terence (D:2)
  6 gnolls
  8 adders
  2 worms (D:6)
  18 orcs
  A bat zombie (D:5)
  6 giant cockroaches
  16 goblins
  10 hobgoblins
  6 jackals (D:3)
  2 quokkas
  2 ball pythons (D:4)
  9 bats
  3 giant geckos
  6 giant newts
  14 kobolds
  A kobold skeleton (D:5)
  8 rats
153 creatures vanquished.

Notes
Turn   | Place    | Note
--------------------------------------------------------------
     0 | D:1      | Herrn, the Minotaur Fighter, began the quest for the Orb.
     0 | D:1      | Reached XP level 1. HP: 19/19 MP: 1/1
   105 | D:1      | Reached skill level 4 in Fighting
   157 | D:1      | Reached XP level 2. HP: 24/27 MP: 1/1
   715 | D:2      | Reached skill level 5 in Fighting
   715 | D:2      | Reached XP level 3. HP: 31/36 MP: 2/2
   984 | D:2      | Noticed Terence
  1014 | D:2      | Killed Terence
  1014 | D:2      | Reached XP level 4. HP: 40/44 MP: 2/2
  1062 | D:2      | Reached skill level 6 in Fighting
  1686 | D:3      | Noticed an ogre
  1709 | D:3      | Killed an ogre
  1709 | D:3      | Reached skill level 7 in Fighting
  1709 | D:3      | Reached XP level 5. HP: 26/52 MP: 2/2
  2699 | D:4      | Noticed an ogre
  2715 | D:4      | Killed an ogre
  2715 | D:4      | Reached skill level 8 in Fighting
  2715 | D:4      | Reached XP level 6. HP: 22/62 MP: 3/3
  2940 | D:4      | Noticed Sigmund
  2944 | D:4      | Noticed Duvessa
  2964 | D:4      | Noticed Dowan
  3005 | D:3      | Killed Sigmund
  3174 | D:3      | Killed Dowan
  3174 | D:3      | Reached skill level 9 in Fighting
  3188 | D:3      | Killed Duvessa
  3412 | D:4      | Noticed an ogre
  3421 | D:4      | Reached XP level 7. HP: 68/71 MP: 3/3
  3427 | D:4      | Killed an ogre
  3427 | D:4      | Reached skill level 10 in Fighting
  3491 | D:4      | Found a staircase to the Ecumenical Temple.
  3491 | D:4      | Noticed Eustachio
  3516 | D:4      | Killed Eustachio
  3522 | Temple   | Entered the Ecumenical Temple
  3581 | Temple   | Became a worshipper of Makhleb the Destroyer
  3641 | D:4      | Noticed a phantom
  3741 | D:4      | Killed a phantom
  3888 | D:4      | Reached skill level 11 in Fighting
  4088 | D:4      | Found a glowing golden altar of the Shining One.
  4088 | D:4      | Found a basalt altar of Yredelemnul.
  4089 | D:4      | Noticed an angel
  4160 | D:4      | Noticed a profane servitor
  4287 | D:5      | Entered Level 5 of the Dungeon
  4309 | D:5      | Noticed Blork the orc
  4327 | D:5      | Killed Blork the orc
  4327 | D:5      | Reached XP level 8. HP: 80/82 MP: 3/3
  4811 | D:5      | Reached skill level 12 in Fighting
  4905 | D:5      | Acquired Makhleb's first power
  5408 | D:6      | Noticed Menkaure
  5427 | D:6      | Killed Menkaure
  5553 | D:6      | Reached skill level 13 in Fighting
  5804 | D:6      | Found an ancient bone altar of Kikubaaqudgha.
  5944 | D:5      | Acquired Makhleb's second power
  6255 | D:6      | HP: 2/86 [goliath beetle (16)]
  6256 | D:6      | Slain by a goliath beetle

Action                   |  1- 3 |  4- 6 |  7- 9 || total
-------------------------+-------+-------+-------++-------
Melee: Falchion          |    90 |   179 |   337 ||   606
  Use: Scroll            |       |       |    11 ||    11
       Potion            |       |       |     1 ||     1
